 Dungeon Crawl Stone Soup version 0.20-a0-645-g0ac6e19 (webtiles) character file.

176 FencedIn the Insei (level 5, -7/38 HPs)
             Began as a Demonspawn Gladiator on Feb 15, 2017.
             Was a Follower of Okawaru.
             Killed by divine providence
             ... invoked by an orc priest
              (14 damage)
             ... on level 4 of the Dungeon.
             The game lasted 00:06:03 (3187 turns).

FencedIn the Insei (Demonspawn Gladiator)           Turns: 3187, Time: 00:06:03

Health: -7/38      AC:  4    Str: 14    XL:     5   Next: 30%
Magic:  5/5        EV: 12    Int: 11    God:    Okawaru [*.....]
Gold:   103        SH:  4    Dex: 14    Spells: 4/4 levels left

rFire    . . .     SeeInvis .     - Unarmed
rCold    . . .     Gourm    .   a - +0 leather armour
rNeg     . . .     Faith    .   (no shield)
rPois    .         Spirit   .   b - +0 helmet
rElec    .         Reflect  .   (no cloak)
rCorr    .         Harm     .   (no gloves)
MR       .....                  (no boots)
Stlth    +.........             (no amulet)
Regen    0.2/turn               (no ring)
MPRegen  0.1/turn               (no ring)

@: no status effects
A: talons 1, large bone plates 1, powered by pain 1
a: Heroism, Renounce Religion


You were on level 4 of the Dungeon.
You worshipped Okawaru.
Okawaru was aware of your devotion.
You were hungry.

You visited 1 branch of the dungeon, and saw 4 of its levels.

You collected 103 gold pieces.

Inventory:

Missiles
 c - 3 throwing nets (quivered)
 t - 3 tomahawks
Armour
 a - a +0 leather armour (worn)
 b - a +0 helmet (worn)
 n - a +0 buckler
Wands
 v - a wand of random effects (18/48)
Scrolls
 h - 2 scrolls of teleportation {unknown}
 i - 2 scrolls of amnesia {unknown}
 j - 5 scrolls of remove curse {unknown}
 l - 5 scrolls of identify {unknown}
 m - a scroll of recharging {unknown}
 o - a scroll of immolation {unknown}
 r - a scroll of fog {unknown}
 s - a scroll of fear {unknown}
Potions
 e - 3 potions of flight {unknown}
 p - a potion of curing {unknown}
 u - a potion of cancellation {unknown}
Comestibles
 d - 6 bread rations
 f - 3 royal jellies
 g - 8 chunks of flesh
 k - 2 fruits
 q - a meat ration


   Skills:
 - Level 2.0 Fighting
 - Level 2.0 Throwing
 - Level 2.8 Dodging
 + Level 5.3 Unarmed Combat
 + Level 0.3 Invocations


You had 4 spell levels left.
You didn't know any spells.

Dungeon Overview and Level Annotations

Branches:
Dungeon (4/15)
 Temple: D:4-7

Altars:
Elyvilon
Okawaru
Ru
Vehumet


Innate Abilities, Weirdness & Mutations

You have sharp toenails.
You are partially covered in large bone plates. (SH +4)
You sometimes gain a little power by taking damage.


Message History

Your kick misses the orc priest.
The orc priest is heavily wounded.
You block the orc's attack.
The orc priest hits you with a hand axe!
The orc wizard completely misses you.
You hit the orc priest.
You claw the orc priest, but do no damage.
You punch the orc priest, but do no damage.
The orc priest is severely wounded.
The orc hits you but does no damage.
The orc priest hits you with a hand axe.
* * * LOW HITPOINT WARNING * * *
The orc wizard hits you with a dagger.
* * * LOW HITPOINT WARNING * * *
You block the orc's attack.
There is a stone staircase leading up here.
The orc misses you.
The orc priest mumbles some strange prayers to Beogh against you.
Beogh smites you!
You die...

.....o....#.#
..........#.#
.....#.....#
.....#..##.######
..........o.....##
.....##########..#
.....
#######.##### .###
#..o........#
#.@oo...###.#
#.......#
#...>...#
...........#
≈.♣♣........#
♣♣.......#
♣.......#
#.......#
♣♣♣♣....#


You could see an orc priest, an orc wizard and an orc.

Vanquished Creatures
  An orc wizard (D:3)
  A worker ant (D:3)
  2 adders (D:3)
  2 oozes (D:2)
  4 worms
  4 dart slugs
  2 leopard geckos
  6 orcs
  A ball python (D:2)
  8 bats
  3 giant cockroaches
  10 hobgoblins
  8 kobolds
  2 quokkas
  2 frilled lizards
  5 goblins
  12 rats
73 creatures vanquished.

Notes
Turn   | Place    | Note
-------+----------+-------------------------------------------
     0 | D:1      | FencedIn the Demonspawn Gladiator began the quest for the Orb.
     0 | D:1      | Reached XP level 1. HP: 16/16 MP: 1/1
   481 | D:1      | Gained mutation: You sometimes gain a little power by taking damage. [demonic ancestry]
   481 | D:1      | Reached XP level 2. HP: 22/22 MP: 2/2
   511 | D:1      | Reached skill level 3 in Unarmed Combat
  1003 | D:1      | Gained mutation: You are partially covered in large bone plates. (SH +4) [demonic ancestry]
  1003 | D:1      | Reached XP level 3. HP: 27/27 MP: 3/3
  1226 | D:2      | Found an iron altar of Okawaru.
  1244 | D:2      | Became a worshipper of Warmaster Okawaru
  1286 | D:2      | Reached skill level 4 in Unarmed Combat
  1480 | D:2      | Found a sacrificial altar of Ru.
  1732 | D:2      | Gained mutation: You have sharp toenails. [demonic ancestry]
  1732 | D:2      | Reached XP level 4. HP: 31/33 MP: 4/4
  2083 | D:3      | Found a radiant altar of Vehumet.
  2528 | D:3      | Found a white marble altar of Elyvilon.
  2757 | D:3      | Reached skill level 5 in Unarmed Combat
  2757 | D:3      | Reached XP level 5. HP: 32/38 MP: 5/5
  2839 | D:3      | Reached * piety under Okawaru
  3187 | D:4      | Killed from afar by an orc priest

Vault maps used:
D:1:      shiori_arrival_elements
D:2:      lemuel_crystal_altar, okawaru_ov_weapons_minmay
D:3:      fiery_altar_vehumet, elyvilon_altar_3, first_bread
D:4:      serial_shops, shop_fountains, serial_bayou, serial_bayou_shore_a,
          serial_bayou_pond_b, serial_bayou_crossing, serial_bayou_lagoon_a,
          uniq_menkaure

Skill      XL: |  1  2  3  4 |
---------------+-------------+-----
Throwing       | 2 |  2.0
Unarmed Combat | 3 4 5 |  5.3
Fighting       | |  2.0
Dodging        | |  2.8
Invocations    | |  0.3

Action                   |  1- 3 |  4- 6 || total
-------------------------+-------+-------++-------
Melee: Unarmed           |   168 |   145 ||   313
       Punch             |     3 |     3 ||     6
       Kick              |       |    28 ||    28
Throw: Throwing net      |     1 |       ||     1
 Stab: Sleeping          |     2 |     1 ||     3
  Eat: Chunk             |     3 |     4 ||     7
Armor: Leather armour    |    28 |    25 ||    53
Dodge: Dodged            |    66 |    70 ||   136
Block: Other             |     7 |    30 ||    37
